Map: Triton LE

Players

HateMe - Winner!

  • Race: Zerg Zerg
  • Spawn Location: 5:00

Rail

  • Race: Protoss Protoss
  • Spawn Location: 11:00

Event: IEM Katowice 2020

VOD

Have the link to the VOD?

Description

Time

  • Played on: Feb. 25, 2020, 11:21 a.m.
  • Length: 12:13

All games in this series

Show
View Real Time Build Order
Export as new Build Order

HateMe Zerg - Winner!

Build Orders: Hatch First 

Get SALT Encoding   

  12  0:00  Drone  
  13  0:12  Overlord  
  13  0:16  Drone  
  14  0:30  Drone x2  
  16  0:47  Hatchery  
  15  0:51  Drone  
  15  0:54  Drone  
  17  0:58  Drone  
  18  1:08  Extractor  
  17  1:14  Spawning Pool  
  17  1:16  Drone  
  17  1:18  Drone  
  18  1:27  Drone  
  19  1:39  Drone  
  20  1:50  Overlord  
  20  2:01  Queen x2  
  20  2:02  Zergling x4  
  26  2:12  Zergling x4, Metabolic Boost  
  28  2:27  Zergling x4  
  30  2:37  Hatchery  
  30  2:41  Drone x2  
  30  2:42  Drone  
  32  2:52  Overlord  
  32  2:54  Drone  
  33  3:00  Drone  
  33  3:03  Drone  
  33  3:04  Drone  
  34  3:13  Queen  
  34  3:14  Drone  
  34  3:15  Drone x2  
  34  3:16  Drone  
  38  3:23  Drone  
  39  3:28  Spore Crawler  
  39  3:33  Overlord  
  39  3:34  Drone  
  39  3:36  Drone  
  40  3:41  Drone  
  40  3:47  Overlord  
  40  3:48  Drone x3  
  44  3:50  Drone  
  44  3:55  Queen  
  47  3:57  Queen  
  47  3:58  Zergling x2  
  47  3:59  Zergling x2  
  47  4:02  Zergling x2  
  52  4:08  Roach Warren  
  52  4:09  Zergling x2  
  52  4:14  Zergling x6  
  55  4:17  Spore Crawler  
  55  4:22  Overlord  
  54  4:27  Drone  
  54  4:28  Extractor, Drone x3  
  54  4:29  Overlord  
  57  4:48  Roach x7  
  70  4:56  Roach  
  70  4:57  Roach x3  
  77  5:02  Zergling x8  
  77  5:06  Zergling x2  
  77  5:07  Zergling x2  
  82  5:17  Overlord x2  
  82  5:18  Overlord  
  82  5:25  Lair  
  82  5:30  Overlord x2  
  82  5:35  Overlord  
  81  5:39  Evolution Chamber  
  81  5:42  Drone x5  
  85  5:43  Drone x2  
  85  5:44  Drone  
  85  5:46  Drone  
  89  5:51  Drone x2  
  91  6:03  Extractor  
  90  6:04  Drone  
  90  6:05  Drone x6  
  90  6:07  Extractor, Zerg Missile Weapons Level 1  
  90  6:09  Drone  
  90  6:10  Drone  
  98  6:19  Overlord x2  
  98  6:23  Glial Reconstitution  
  97  6:29  Overseer  
  97  6:31  Overlord  
  97  6:32  Overlord  
  99  6:33  Roach x5  
  107  6:41  Extractor  
  107  6:43  Extractor  
  107  6:45  Baneling Nest  
  104  6:52  Drone x4  
  104  6:53  Drone x5  
  113  7:03  Overlord  
  113  7:04  Zergling x12  
  119  7:13  Zergling x8  
  123  7:19  Evolution Chamber  
  122  7:24  Drone x4  
  126  7:30  Overlord  
  126  7:31  Zergling x8  
  126  7:32  Zergling x4  
  126  7:35  Baneling  
  132  7:37  Centrifical Hooks  
  132  7:38  Zergling x2, Hatchery  
  132  7:39  Zergling x2  
  132  7:48  Zerg Melee Weapons Level 1  
  132  7:50  Overlord  
  132  7:58  Drone x8  
  140  8:07  Zerg Missile Weapons Level 2  
  140  8:15  Drone x3  
  140  8:16  Drone x4  
  140  8:17  Zergling x8  
  148  8:23  Zergling x4, Infestation Pit  
  149  8:30  Ravager x2  
  149  8:31  Ravager x2  
  149  8:32  Baneling x11  
  149  8:33  Zergling x2  
  149  8:34  Zergling x4  
  156  8:38  Overlord x2  
  156  8:40  Zergling x8  
  160  8:43  Zergling x4  
  162  8:50  Zergling x4  
  164  8:57  Baneling x18  
  164  8:58  Zergling x2  
  164  8:59  Zergling x6  
  164  9:02  Zergling x6  
  170  9:07  Hive, Pneumatized Carapace  
  169  9:10  Spire  
  169  9:16  Roach x5  
  178  9:17  Zergling x8  
  178  9:23  Zergling x6  
  185  9:25  Zergling x8  
  189  9:42  Hatchery, Drone x2  
  189  9:43  Drone x3  
  189  9:45  Zergling x12  
  189  9:51  Zergling x8  
  184  9:57  Zergling x2  
  184  9:58  Zergling x8  
  170  10:07  Roach x4  
  154  10:13  Zergling x16  
  143  10:20  Baneling  
  143  10:21  Roach x2, Baneling x8  
  135  10:23  Roach  
  135  10:24  Roach  
  133  10:29  Roach  
  133  10:30  Ravager  
  133  10:31  Ravager x3  
  133  10:32  Roach  
  133  10:34  Adrenal Glands, Greater Spire  
  141  10:36  Roach x2  
  141  10:39  Baneling x4  
  141  10:41  Roach x5  
  141  10:42  Zergling x2  
  156  10:43  Zergling x6  
  156  10:46  Zergling x6  
  161  10:52  Zergling x2  
  161  10:56  Baneling x9  
  162  10:57  Roach  
  162  11:02  Zergling x2  
  162  11:03  Zergling x12  
  171  11:05  Roach x2  
  171  11:10  Zergling x16  
  183  11:13  Baneling  
  183  11:18  Baneling x11  
  181  11:22  Zergling x10  
  183  11:30  Zergling x12  
  183  11:33  Zergling x6  
  183  11:36  Zergling x12  
  183  11:39  Zergling x2  
  195  11:40  Zergling x4  
  195  11:44  Zergling x8  
  197  11:50  Zergling x4  
  178  11:55  Zergling x8  
  178  11:56  Zergling x2  
Show
View Real Time Build Order
Export as new Build Order

Rail Protoss 

Build Orders: 1 Gate Expand 

Get SALT Encoding   

  12  0:00  Probe  
  13  0:12  Probe  
  14  0:19  Pylon  
  14  0:24  Probe  
  15  0:37  Probe (Chrono Boost)  
  15  0:40  Gateway  
  16  0:46  Probe (Chrono Boost)  
  16  0:47  Assimilator  
  17  0:51  Probe (Chrono Boost)  
  18  1:03  Probe  
  19  1:16  Probe  
  20  1:27  Nexus  
  20  1:33  Cybernetics Core  
  20  1:35  Probe  
  21  1:40  Assimilator  
  21  1:47  Probe  
  21  1:50  Pylon  
  22  1:59  Probe  
  23  2:07  Adept (Chrono Boost)  
  23  2:11  Probe  
  23  2:14  Twilight Council  
  26  2:19  Warp Gate  
  26  2:24  Probe  
  26  2:27  Stalker (Chrono Boost)  
  29  2:38  Probe  
  29  2:39  Probe  
  31  2:48  Robotics Facility  
  31  2:50  Probe  
  32  2:51  Probe  
  32  2:54  Adept (Chrono Boost)  
  35  3:02  Probe  
  36  3:13  Gateway  
  36  3:17  Pylon  
  36  3:19  Adept (Chrono Boost)  
  30  3:25  Resonating Glaives  
  32  3:32  Pylon  
  32  3:33  Probe  
  33  3:34  Probe  
  34  3:42  Gateway  
  34  3:45  Probe  
  34  3:46  Probe  
  36  3:55  Warp Prism (Chrono Boost)  
  36  4:01  Probe  
  39  4:03  Probe  
  40  4:10  Adept  
  40  4:13  Adept  
  40  4:15  Probe  
  45  4:17  Probe  
  45  4:23  Pylon  
  46  4:25  Observer  
  46  4:30  Probe x2  
  49  4:41  Pylon  
  49  4:42  Probe  
  49  4:44  Adept x2  
  54  4:46  Probe  
  54  4:49  Adept  
  57  4:54  Probe  
  57  4:58  Pylon  
  57  4:59  Probe  
  57  5:09  Adept x3  
  61  5:18  Probe  
  61  5:31  Adept  
  61  5:32  Probe, Immortal  
  61  5:33  Probe  
  69  5:40  Robotics Bay  
  69  5:41  Assimilator  
  69  5:42  Assimilator  
  69  5:43  Pylon  
  69  5:44  Probe  
  70  5:55  Pylon  
  70  6:01  Pylon  
  70  6:05  Nexus  
  70  6:07  Sentry x2  
  70  6:10  Probe x2  
  76  6:13  Sentry  
  76  6:18  Pylon  
  78  6:22  Probe x2  
  78  6:24  Disruptor (Chrono Boost)  
  80  6:31  Pylon  
  83  6:34  Probe x2, Shield Battery  
  85  6:41  Gateway  
  85  6:44  Stalker  
  85  6:46  Probe  
  85  6:47  Probe  
  89  6:57  Gateway  
  89  6:58  Probe  
  89  6:59  Probe, Gateway  
  89  7:00  Gateway  
  91  7:06  Sentry  
  93  7:09  Zealot  
  93  7:10  Blink (Chrono Boost)  
  93  7:11  Probe x2 (Chrono Boost)  
  97  7:18  Probe (Chrono Boost)  
  98  7:23  Probe (Chrono Boost)  
  98  7:24  Probe (Chrono Boost)  
  98  7:29  Probe (Chrono Boost), Forge  
  101  7:32  Probe x2 (Chrono Boost)  
  101  7:34  Pylon  
  101  7:35  Probe (Chrono Boost)  
  104  7:37  Probe x2 (Chrono Boost), Assimilator  
  104  7:42  Assimilator  
  106  7:44  Probe  
  106  7:45  Colossus  
  106  7:46  Stalker  
  106  7:47  Stalker  
  106  7:49  Probe  
  112  7:56  Probe  
  119  7:58  Protoss Ground Weapons Level 1 (Chrono Boost)  
  119  7:59  Probe  
  119  8:03  Pylon  
  119  8:04  Pylon  
  120  8:05  Stalker  
  122  8:13  Pylon  
  122  8:14  Stalker x2  
  126  8:20  Extended Thermal Lance (Chrono Boost)  
  126  8:22  Stalker  
  128  8:28  Templar Archives, Stalker  
  130  8:34  Stalker  
  130  8:37  Colossus  
  138  8:43  Psionic Storm  
  138  8:48  Gateway  
  138  8:50  Pylon  
  138  8:53  Gateway  
  138  8:58  Stalker x4  
  146  9:06  Pylon  
  146  9:14  Pylon  
  146  9:15  High Templar x2  
  146  9:16  Pylon  
  150  9:21  Shield Battery  
  150  9:27  Nexus  
  150  9:30  High Templar  
  152  9:36  Photon Cannon  
  152  9:42  Pylon  
  147  9:56  Stalker x2  
  124  10:02  Stalker x2  
  109  10:07  Archon  
  109  10:10  Stalker  
  109  10:11  Stalker x4  
  109  10:21  Warp Prism (Chrono Boost)  
  109  10:26  High Templar x2, Zealot x2  
  119  10:34  High Templar, Zealot  
  119  10:35  Stalker x2  
  127  10:38  Zealot  
  127  10:41  Nexus  
  127  10:42  Pylon  
  129  10:47  Sentry, Stalker  
  133  11:00  High Templar x2, Stalker x2  
  133  11:01  Zealot  
  133  11:02  Zealot  
  145  11:04  Archon  
  145  11:08  Stalker  
  147  11:15  Stalker x2  
  147  11:17  Probe x3  
  142  11:29  Probe x2  
  142  11:30  Archon  
  142  11:31  Archon  
  131  11:33  Probe  
  131  11:35  High Templar  
  131  11:36  High Templar  
  136  11:41  Probe  

Tags
 
Add a new tag
Caveats
  • Supply blocks, unpowered buildings, or Contaminate may cause inaccurate times.
  • Supply counts are checked every 10 seconds.